 Dungeon Crawl Stone Soup version bcrawl-1.27.3 (webtiles) character file.

Game seed: 15954762751648980847

168350 pasperui the Slasher (level 5, -3/45 HPs)
             Began as a Naga Sloth Apostle on Aug 29, 2020.
             Was a Believer of Cheibriados.
             Slain by a gnoll
             ... wielding a +0 spear
              (5 damage)
             ... on level 3 of the Dungeon on Sept 8, 2020.
             The game lasted 00:07:47 (1902 turns).

pasperui the Slasher (Naga Sloth Apostle)           Turns: 1902, Time: 00:07:48

Health: -3/45      AC:  2    Str: 18 (19) XL:     5   Next: 30%
Magic:  0/6        EV:  9    Int: 13 (16) God:    Cheibriados [**....]
Gold:   210        SH:  1    Dex: 12 (15) Spells: 5/6 levels left

rFire    . . .     SeeInvis +   a - +0 falchion
rCold    . . .     Gourm    .   (no shield)
rNeg     . . .     Faith    .   b - +0 robe
rPois    +         Spirit   +   (no helmet)
rElec    .         Reflect  .   (no cloak)
rCorr    .         Harm     .   (no gloves)
MR       .....                  (no barding)
Stlth    +++.......             o - amulet of guardian spirit
HPRegen  0.15/turn              (no ring)
MPRegen  0.10/turn              (no ring)

@: hasted, very slow
A: large, see invisible, deformed body, poison resistance, slowness 2, slow
metabolism 1, spit poison 1, AC +1
a: Spit Poison, Bend Time, Renounce Religion


You were on level 3 of the Dungeon.
You worshipped Cheibriados.
Cheibriados was pleased with you.
You were hungry.

You visited 1 branch of the dungeon, and saw 3 of its levels.

You collected 210 gold pieces.

Inventory:

Hand Weapons
 a - a +0 falchion (weapon)
Missiles
 i - 52 needles of confusion
 r - 232 sling bullets
 u - 153 poisoned tomahawks (quivered)
 w - 257 stones
 y - 212 arrows
Armour
 b - a +0 robe (worn)
 c - a +0 medium shield
Jewellery
 o - an amulet of guardian spirit (around neck)
Wands
 d - a wand of paralysis (10)
 p - a wand of enslavement (5)
Scrolls
 g - 4 scrolls of teleportation {unknown}
 j - a scroll of remove curse {unknown}
 m - a scroll of magic mapping {unknown}
 n - 3 scrolls of identify
 q - a scroll of enchant armour {unknown}
 s - a scroll of amnesia {unknown}
Potions
 k - a potion of agility {unknown}
 l - a potion of resistance
Comestibles
 e - 5 rations {!d}
 x - 7 chunks of flesh


   Skills:
 - Level 2.0 Fighting
 * Level 4.9 Long Blades
 - Level 1.5 Throwing
 - Level 4.8 Stealth
 - Level 1.5 Shields
 - Level 1.0 Spellcasting
 - Level 1.0 Hexes
 - Level 1.0 Evocations


You had 5 spell levels left.
You knew the following spells:

 Your Spells              Type           Power        Failure   Level  Hunger
a - Slow                  Hex            #.......     19%         1    None
Your spell library was empty.

Dungeon Overview and Level Annotations

Branches:
Dungeon (3/12)

Altars:
Kikubaaqudgha


Innate Abilities, Weirdness & Mutations

You cannot wear boots.
Your serpentine skin is tough. (AC +1)
You have supernaturally acute eyesight. (SInv)
Armour fits poorly on your strangely shaped body.
Your system is resistant to poisons. (rPois)
You cover ground very slowly.
You have a slow metabolism.
You can spit poison.


Message History

Unknown command.
It was a potion of magic.
Magic courses through your body. The orc hits you with a +0 whip.
* * * LOW HITPOINT WARNING * * *
Unknown command.
You are feeling hungry.
The gnoll shouts!
You hit the orc but do no damage. You block the orc's attack.
You barely miss the orc. You closely miss the orc.
The orc hits you with a +0 whip!
* * * LOW HITPOINT WARNING * * *
You slash the orc!
You kill the orc!
Cheibriados appreciates the change of pace.
A worm comes into view.
The gnoll closely misses you.
The gnoll hits you from afar with a +0 halberd.
* * * LOW HITPOINT WARNING * * *
The gnoll hits you from afar with a +0 spear.
You die...

# #.#..# .. .g. ###.
#....# ... g.
#.#.###..#.# #..#. ##.
.......#.## ...#g# #..
.......#. .w.. #.#
#....... #..##
#.#######......
#.##..g####.##...........
#....ggg@......#####.....
#####.g####.#### ##...#.
#... #.# ##...... #.#.#
#.# #......# #. .# ...
#.....##.. #. .#
...#...#.#.###. ##
.##.....###.#.# #.
.##...# #.#.# #. ..#.# #.


You could see a worm (wandering), 4 gnolls and a hobgoblin.

Vanquished Creatures
  A crimson imp (D:2)
  Jessica (D:2)
  A worker ant (D:2)
  An ooze (D:2)
  2 worms
  2 dart slugs
  A leopard gecko (D:1)
  An orc (D:3)
  A ball python (D:2)
  3 giant cockroaches
  A goblin (D:2)
  5 hobgoblins
  9 jackals
  4 bats
  3 frilled lizards
  7 kobolds
  3 rats
46 creatures vanquished.

Notes
Turn   | Place    | Note
-------+----------+-------------------------------------------
     0 | D:1      | pasperui the Naga Sloth Apostle began the quest for the
                  | Orb.
     0 | D:1      | Reached XP level 1. HP: 19/19 MP: 2/2
   326 | D:1      | Reached XP level 2. HP: 15/26 MP: 3/3
   908 | D:2      | Reached XP level 3. HP: 30/32 MP: 2/4
   972 | D:2      | Reached * piety under Cheibriados
  1043 | D:2      | Found an ancient bone altar of Kikubaaqudgha.
  1053 | D:2      | Reached XP level 4. HP: 19/39 MP: 5/5
  1092 | D:2      | Noticed Jessica
  1231 | D:2      | Killed Jessica
  1330 | D:2      | Reached skill level 1 in Throwing
  1330 | D:2      | Reached XP level 5. HP: 31/45 MP: 3/6
  1810 | D:3      | Reached ** piety under Cheibriados
  1902 | D:3      | HP: 2/45 [gnoll/+0 halberd (4)]
  1902 | D:3      | Slain by a gnoll

Skill      XL: |  1  2  3  4 |
---------------+-------------+-----
Long Blades    | 3 4 |  4.9
Throwing       | 1 |  1.5
Fighting       | |  2.0
Stealth        | |  4.8
Shields        | |  1.5
Spellcasting   | |  1.0
Hexes          | |  1.0
Evocations     | |  1.0

Action                   |  1- 3 |  4- 6 || total
-------------------------+-------+-------++-------
Melee: Falchion          |    85 |   113 ||   198
 Cast: Slow              |       |     5 ||     5
 Abil: Spit Poison       |     3 |     4 ||     7
  Use: Potion            |     1 |     5 ||     6
 Stab: Sleeping          |     3 |     1 ||     4
  Eat: Chunk             |     3 |     4 ||     7
Armor: Robe              |    22 |    20 ||    42
Dodge: Dodged            |    44 |    74 ||   118
Block: Other             |     2 |     4 ||     6
